General information
- name: BNet
- type: Ladder team game (AT/RT)
- host: Battle.net
- saver: ChuckleMan
map: FullScaleAssault
- players: 8
- length: 60:27
- speed: Fast
- version: 1.28 W3XP
- replay type: Public
» download(509 KB)
Players
team 1 (winner)

»
Kiwizaurus (
orange | 77 APM | 1901 actions | 24:32)
4 Archmage
2 Summon Water Elemental
2 Brilliance Aura
3 Mountain King
2 Storm Bolt
1 Bash
» actions
| Assign group hotkey | 288 | |
| Basic commands | 1 | |
| Build / train | 91 | |
| Enter build submenu | 30 | |
| Enter hero's abilities submenu | 7 | |
| Give item / drop item | 4 | |
| Remove unit from queue | 5 | |
| Right click | 964 | |
| Select / deselect | 367 | |
| Select group hotkey | 52 | |
| Use ability | 92 | |
1901 total
» units
| Peasant | 10 | |
| Footman | 7 | |
| Spell Breaker | 2 | |
| Gryphon Rider | 15 | |
| Goblin Zeppelin | 1 | |
35 total
» upgrades
| Lumber Harvesting | 2 | |
| Swords | 3 | |
| Armor | 3 | |
| Storm Hammers | 1 | |
9 total
» buildings
| Altar of Kings | 1 | |
| Barracks | 1 | |
| Farm | 13 | |
| Scout Tower | 1 | |
| Keep | 2 | |
| Arcane Tower | 1 | |
| Lumber Mill | 1 | |
| Arcane Vault | 1 | |
| Castle | 1 | |
| Blacksmith | 1 | |
| Arcane Sanctum | 1 | |
| Gryphon Aviary | 6 | |
| Town Hall | 1 | |
31 total
» build order
00:10 Altar of Kings
00:20 Barracks
00:35 Farm
00:52 Farm
01:30 Farm
01:58 Scout Tower
02:42 Keep
02:42 Keep
03:01 Arcane Tower
03:52 Lumber Mill
03:56 Farm
04:08 Arcane Vault
04:18 Farm
05:59 Castle
06:05 Blacksmith
06:10 Arcane Sanctum
08:19 Gryphon Aviary
08:30 Gryphon Aviary
08:35 Gryphon Aviary
09:31 Town Hall
12:35 Farm
12:36 Farm
12:38 Farm
12:40 Farm
20:51 Gryphon Aviary
20:54 Gryphon Aviary
20:57 Gryphon Aviary
22:41 Farm
22:43 Farm
22:47 Farm
22:48 Farm
» items
| Dust of Appearance | 1 | |
| Boots of Speed | 1 | |
| Scroll of Regeneration | 3 | |
| Lesser Clarity Potion | 2 | |
| Scroll of Town Portal | 3 | |
| Staff of Sanctuary | 1 | |
| Orb of Fire | 1 | |
| Potion of Healing | 2 | |
| Potion of Mana | 2 | |
| Potion of Lesser Invulnerability | 1 | |
| Scroll of Protection | 1 | |
| Scroll of Healing | 1 | |
19 total
ChuckleMan (
teal | 77 APM | 4679 actions | 60:27)
9 Pit Lord
3 Rain of Fire
2 Cleaving Attack
1 Doom
3 Howl of Terror
2 Archmage
1 Blizzard
1 Brilliance Aura
5 Paladin
2 Devotion Aura
2 Divine Shield
1 Holy Light
2 Goblin Tinker
1 Engineering Upgrade
1 Pocket Factory
3 Demon Hunter
1 Evasion
1 Mana Burn
1 Metamorphosis
1 Mountain King
1 Storm Bolt
» actions
| Assign group hotkey | 61 | |
| Basic commands | 244 | |
| Build / train | 266 | |
| ESC pressed | 6 | |
| Enter build submenu | 77 | |
| Enter hero's abilities submenu | 21 | |
| Give item / drop item | 9 | |
| Right click | 1546 | |
| Select / deselect | 626 | |
| Select group hotkey | 1367 | |
| Use ability | 456 | |
4679 total
» units
| Peasant | 35 | |
| Goblin Shredder | 6 | |
| Goblin Zeppelin | 4 | |
| Flying Machine | 8 | |
| Gryphon Rider | 20 | |
| Hippogryph | 2 | |
| Chimaera | 6 | |
| Dragonhawk Rider | 1 | |
| Knight | 4 | |
| Blue Dragon | 1 | |
87 total
» upgrades
| Masonry | 3 | |
| Lumber Harvesting | 2 | |
| Magic Sentry | 1 | |
| Gunpowder | 3 | |
| Plating | 3 | |
| Flak Cannons | 1 | |
| Swords | 3 | |
| Armor | 2 | |
| Nature's Blessing | 1 | |
| Flying Machine Bombs | 1 | |
| Storm Hammers | 1 | |
| Animal War Training | 1 | |
22 total
» buildings
| Altar of Kings | 1 | |
| Farm | 12 | |
| Lumber Mill | 2 | |
| Scout Tower | 232 | |
| Arcane Tower | 7 | |
| Guard Tower | 86 | |
| Town Hall | 9 | |
| Keep | 1 | |
| Castle | 1 | |
| Arcane Vault | 1 | |
| Arcane Sanctum | 1 | |
| Blacksmith | 2 | |
| Workshop | 6 | |
| Gryphon Aviary | 6 | |
367 total
» build order
00:18 Altar of Kings
00:22 Farm
00:54 Lumber Mill
01:16 Farm
02:49 Scout Tower
02:53 Scout Tower
03:15 Farm
03:21 Scout Tower
03:23 Arcane Tower
03:25 Scout Tower
03:53 Arcane Tower
03:54 Scout Tower
03:55 Scout Tower
03:58 Scout Tower
04:00 Guard Tower
04:02 Arcane Tower
04:05 Scout Tower
04:06 Scout Tower
04:28 Town Hall
04:42 Scout Tower
04:45 Scout Tower
04:56 Arcane Tower
05:07 Scout Tower
05:12 Farm
05:27 Guard Tower
05:27 Guard Tower
05:28 Guard Tower
05:46 Guard Tower
06:03 Guard Tower
06:03 Guard Tower
06:05 Scout Tower
06:07 Scout Tower
06:11 Scout Tower
06:12 Scout Tower
06:14 Scout Tower
06:19 Scout Tower
06:22 Guard Tower
06:25 Scout Tower
06:26 Scout Tower
06:29 Scout Tower
06:46 Guard Tower
07:11 Guard Tower
07:11 Guard Tower
07:59 Guard Tower
08:13 Guard Tower
08:21 Scout Tower
08:21 Scout Tower
08:22 Scout Tower
08:22 Scout Tower
08:23 Scout Tower
08:23 Scout Tower
08:24 Guard Tower
08:33 Scout Tower
08:33 Scout Tower
08:33 Scout Tower
08:34 Scout Tower
08:34 Scout Tower
08:38 Guard Tower
08:38 Guard Tower
08:38 Guard Tower
08:39 Guard Tower
08:40 Guard Tower
09:04 Guard Tower
09:05 Scout Tower
09:05 Scout Tower
09:06 Scout Tower
09:07 Scout Tower
09:07 Scout Tower
09:07 Scout Tower
09:08 Scout Tower
09:08 Scout Tower
09:09 Scout Tower
09:10 Scout Tower
09:10 Scout Tower
09:10 Scout Tower
09:13 Guard Tower
09:14 Scout Tower
09:15 Scout Tower
09:15 Scout Tower
09:15 Scout Tower
09:16 Scout Tower
09:16 Scout Tower
09:25 Guard Tower
09:25 Guard Tower
09:29 Scout Tower
09:58 Town Hall
10:03 Arcane Tower
11:04 Guard Tower
11:04 Guard Tower
11:16 Guard Tower
11:28 Guard Tower
11:35 Guard Tower
11:35 Guard Tower
11:42 Guard Tower
11:42 Guard Tower
11:48 Guard Tower
11:50 Guard Tower
11:52 Scout Tower
11:56 Scout Tower
11:57 Guard Tower
11:57 Guard Tower
12:13 Guard Tower
12:13 Guard Tower
12:17 Guard Tower
12:17 Guard Tower
12:21 Guard Tower
12:22 Guard Tower
12:22 Guard Tower
12:27 Scout Tower
12:27 Scout Tower
12:28 Scout Tower
12:29 Scout Tower
12:29 Scout Tower
12:29 Scout Tower
12:29 Scout Tower
12:30 Scout Tower
12:30 Scout Tower
12:31 Scout Tower
12:31 Scout Tower
12:32 Scout Tower
12:34 Scout Tower
12:34 Scout Tower
12:34 Scout Tower
12:35 Scout Tower
12:36 Scout Tower
12:36 Scout Tower
12:37 Scout Tower
12:37 Scout Tower
12:38 Scout Tower
12:38 Scout Tower
12:38 Scout Tower
12:39 Scout Tower
12:40 Scout Tower
12:40 Scout Tower
12:41 Scout Tower
12:41 Scout Tower
12:41 Scout Tower
12:42 Scout Tower
12:42 Scout Tower
12:43 Scout Tower
12:51 Guard Tower
13:19 Keep
13:22 Guard Tower
13:32 Scout Tower
13:32 Scout Tower
13:33 Scout Tower
13:33 Scout Tower
13:34 Scout Tower
13:35 Scout Tower
13:36 Scout Tower
13:36 Scout Tower
13:36 Scout Tower
13:37 Scout Tower
13:38 Scout Tower
13:39 Scout Tower
13:40 Scout Tower
13:40 Scout Tower
13:43 Scout Tower
13:44 Scout Tower
13:44 Scout Tower
13:46 Scout Tower
13:46 Scout Tower
13:46 Scout Tower
13:47 Scout Tower
13:47 Scout Tower
13:47 Scout Tower
13:51 Scout Tower
13:51 Scout Tower
13:52 Scout Tower
13:53 Scout Tower
13:59 Guard Tower
14:21 Guard Tower
14:28 Guard Tower
14:31 Guard Tower
15:10 Scout Tower
15:10 Scout Tower
15:11 Scout Tower
15:11 Scout Tower
15:12 Scout Tower
15:13 Scout Tower
15:13 Scout Tower
15:13 Scout Tower
15:14 Scout Tower
15:17 Guard Tower
15:27 Guard Tower
16:00 Castle
16:05 Scout Tower
16:06 Arcane Vault
16:08 Arcane Sanctum
16:10 Guard Tower
16:12 Guard Tower
16:12 Guard Tower
16:30 Guard Tower
16:40 Guard Tower
17:06 Blacksmith
17:09 Blacksmith
17:13 Farm
17:13 Farm
17:14 Farm
17:14 Farm
17:14 Farm
17:15 Farm
17:15 Farm
17:15 Farm
17:26 Scout Tower
17:26 Scout Tower
17:26 Scout Tower
17:26 Scout Tower
17:32 Guard Tower
17:32 Guard Tower
17:54 Guard Tower
18:15 Guard Tower
18:25 Guard Tower
19:01 Guard Tower
19:01 Guard Tower
19:21 Guard Tower
19:24 Guard Tower
19:25 Guard Tower
20:01 Scout Tower
20:01 Scout Tower
20:01 Scout Tower
20:01 Scout Tower
20:02 Scout Tower
20:02 Scout Tower
20:02 Scout Tower
20:03 Scout Tower
20:05 Scout Tower
20:05 Scout Tower
20:06 Scout Tower
20:06 Scout Tower
20:18 Workshop
20:19 Workshop
20:20 Workshop
20:20 Workshop
20:21 Workshop
20:36 Workshop
20:48 Lumber Mill
21:44 Scout Tower
21:45 Scout Tower
21:45 Scout Tower
21:45 Scout Tower
21:46 Scout Tower
21:47 Scout Tower
21:48 Scout Tower
21:49 Scout Tower
21:49 Scout Tower
21:49 Scout Tower
21:50 Scout Tower
21:50 Scout Tower
21:52 Scout Tower
21:52 Scout Tower
21:52 Scout Tower
21:53 Scout Tower
21:56 Scout Tower
21:57 Scout Tower
21:58 Scout Tower
21:58 Scout Tower
22:01 Guard Tower
22:01 Guard Tower
22:03 Scout Tower
22:03 Scout Tower
22:04 Scout Tower
22:05 Scout Tower
22:06 Scout Tower
22:06 Scout Tower
22:06 Scout Tower
22:11 Scout Tower
22:11 Scout Tower
22:11 Scout Tower
22:12 Scout Tower
22:12 Scout Tower
22:12 Scout Tower
22:13 Scout Tower
22:13 Scout Tower
22:13 Scout Tower
22:30 Guard Tower
22:52 Guard Tower
22:56 Guard Tower
23:27 Guard Tower
23:27 Guard Tower
23:48 Guard Tower
24:03 Guard Tower
24:06 Guard Tower
24:08 Scout Tower
24:08 Scout Tower
24:09 Scout Tower
24:09 Scout Tower
24:09 Scout Tower
24:10 Scout Tower
24:12 Guard Tower
24:15 Scout Tower
24:15 Scout Tower
24:15 Scout Tower
24:15 Scout Tower
24:16 Scout Tower
24:16 Scout Tower
24:17 Scout Tower
24:18 Scout Tower
24:19 Guard Tower
24:19 Guard Tower
24:28 Scout Tower
24:28 Scout Tower
24:29 Scout Tower
24:29 Scout Tower
26:23 Gryphon Aviary
26:24 Gryphon Aviary
26:24 Gryphon Aviary
26:24 Gryphon Aviary
26:25 Gryphon Aviary
26:25 Gryphon Aviary
28:32 Guard Tower
28:35 Guard Tower
31:31 Town Hall
31:32 Scout Tower
31:32 Scout Tower
31:33 Scout Tower
31:33 Scout Tower
31:35 Scout Tower
31:35 Scout Tower
31:35 Scout Tower
31:36 Scout Tower
33:10 Guard Tower
38:52 Town Hall
40:15 Town Hall
40:32 Scout Tower
40:32 Scout Tower
40:33 Scout Tower
41:09 Guard Tower
41:30 Scout Tower
41:31 Scout Tower
42:04 Guard Tower
42:06 Scout Tower
42:06 Scout Tower
43:17 Arcane Tower
44:04 Guard Tower
46:42 Scout Tower
47:12 Town Hall
50:28 Town Hall
51:01 Town Hall
51:57 Scout Tower
51:57 Scout Tower
51:57 Scout Tower
51:58 Scout Tower
51:58 Scout Tower
51:58 Scout Tower
51:59 Scout Tower
51:59 Scout Tower
52:00 Scout Tower
52:00 Scout Tower
52:01 Scout Tower
54:29 Town Hall
55:34 Scout Tower
55:34 Scout Tower
55:34 Scout Tower
55:35 Scout Tower
55:35 Scout Tower
55:36 Scout Tower
55:36 Scout Tower
55:36 Scout Tower
55:37 Scout Tower
55:37 Scout Tower
55:38 Scout Tower
55:38 Scout Tower
55:39 Scout Tower
58:03 Arcane Tower
58:06 Guard Tower
58:06 Guard Tower
» items
| Boots of Speed | 4 | |
| Staff of Teleportation | 3 | |
| Ivory Tower | 9 | |
| Lesser Clarity Potion | 2 | |
| Scroll of Regeneration | 2 | |
| Potion of Invisibility | 4 | |
| Scroll of Town Portal | 2 | |
| Circlet of Nobility | 1 | |
| Periapt of Vitality | 1 | |
28 total

»
Donveetz (
blue | 32 APM | 793 actions | 24:34)
2 Goblin Tinker
1 Cluster Rockets
1 Engineering Upgrade
1 Demon Hunter
1 Evasion
» actions
| Assign group hotkey | 75 | |
| Basic commands | 18 | |
| Build / train | 59 | |
| Enter build submenu | 12 | |
| Enter hero's abilities submenu | 3 | |
| Remove unit from queue | 3 | |
| Right click | 229 | |
| Select / deselect | 173 | |
| Select group hotkey | 191 | |
| Use ability | 30 | |
793 total
» units
| Wisp | 12 | |
| Huntress | 4 | |
| Archer | 2 | |
| Hippogryph | 22 | |
| Chimaera | 1 | |
41 total
» upgrades
| Strength of the Moon | 1 | |
| Moon Armor | 1 | |
| Strength of the Wild | 2 | |
| Reinforced Hides | 1 | |
| Corrosive Breath | 1 | |
6 total
» buildings
| Moon Well | 9 | |
| Altar of Elders | 1 | |
| Hunter's Hall | 1 | |
| Ancient of War | 2 | |
| Tree of Ages | 1 | |
| Tree of Eternity | 1 | |
| Ancient of Wind | 2 | |
| Chimaera Roost | 4 | |
21 total
» build order
00:13 Moon Well
00:21 Altar of Elders
01:45 Hunter's Hall
01:55 Moon Well
02:12 Moon Well
02:42 Ancient of War
02:50 Ancient of War
03:45 Moon Well
08:09 Tree of Ages
11:48 Tree of Eternity
11:55 Ancient of Wind
13:51 Moon Well
13:55 Moon Well
13:56 Moon Well
13:57 Moon Well
14:01 Moon Well
14:11 Chimaera Roost
14:13 Chimaera Roost
14:15 Chimaera Roost
14:17 Chimaera Roost
15:21 Ancient of Wind
» items

»
2thache (
green | 49 APM | 1200 actions | 24:29)
4 Paladin
2 Holy Light
1 Devotion Aura
1 Divine Shield
3 Mountain King
2 Storm Bolt
1 Bash
1 Blood Mage
1 Flame Strike
» actions
| Basic commands | 15 | |
| Build / train | 86 | |
| Enter build submenu | 31 | |
| Enter hero's abilities submenu | 8 | |
| Give item / drop item | 7 | |
| Right click | 588 | |
| Select / deselect | 375 | |
| Use ability | 89 | |
1200 total
» units
| Peasant | 10 | |
| Footman | 5 | |
| Gryphon Rider | 5 | |
| Goblin Shredder | 2 | |
| Knight | 7 | |
| Siege Engine | 4 | |
| Dragonhawk Rider | 2 | |
| Mortar Team | 3 | |
38 total
» upgrades
| Defend | 1 | |
| Swords | 1 | |
| Plating | 2 | |
| Lumber Harvesting | 2 | |
| Animal War Training | 1 | |
| Storm Hammers | 1 | |
| Armor | 1 | |
| Cloud | 1 | |
| Barrage | 1 | |
| Gunpowder | 3 | |
| Fragmentation Shards | 1 | |
| Flare | 1 | |
16 total
» buildings
| Farm | 13 | |
| Lumber Mill | 1 | |
| Altar of Kings | 1 | |
| Scout Tower | 2 | |
| Arcane Vault | 1 | |
| Barracks | 1 | |
| Guard Tower | 2 | |
| Keep | 1 | |
| Town Hall | 1 | |
| Blacksmith | 1 | |
| Castle | 1 | |
| Gryphon Aviary | 2 | |
| Workshop | 3 | |
30 total
» build order
00:12 Farm
01:06 Lumber Mill
01:24 Altar of Kings
01:46 Farm
02:15 Scout Tower
02:22 Arcane Vault
02:29 Farm
02:42 Barracks
02:45 Scout Tower
02:46 Guard Tower
03:09 Farm
03:19 Guard Tower
05:19 Keep
05:37 Town Hall
05:51 Blacksmith
08:08 Castle
09:29 Gryphon Aviary
09:36 Gryphon Aviary
10:52 Farm
11:35 Farm
13:25 Farm
13:27 Farm
14:08 Farm
14:11 Farm
14:54 Workshop
16:04 Workshop
16:26 Farm
16:54 Workshop
19:10 Farm
19:54 Farm
» items
| Scroll of Regeneration | 2 | |
| Periapt of Vitality | 2 | |
| Lesser Clarity Potion | 2 | |
| Potion of Healing | 2 | |
| Potion of Mana | 2 | |
| Boots of Speed | 2 | |
| Scroll of Healing | 1 | |
| Orb of Fire | 2 | |
| Scroll of Town Portal | 2 | |
17 total
team 2 (loser)
itsbeenawhile (
red | 99 APM | 5662 actions | 56:59)
8 Blademaster
3 Wind Walk
3 Critical Strike
1 Bladestorm
1 Mirror Image
7 Shadow Hunter
3 Hex
3 Healing Wave
1 Big Bad Voodoo
6 Tauren Chieftain
2 War Stomp
3 Endurance Aura
1 Reincarnation
» actions
| Assign group hotkey | 55 | |
| Basic commands | 48 | |
| Build / train | 157 | |
| ESC pressed | 17 | |
| Enter build submenu | 45 | |
| Enter hero's abilities submenu | 21 | |
| Give item / drop item | 19 | |
| Right click | 2822 | |
| Select / deselect | 798 | |
| Select group hotkey | 1475 | |
| Use ability | 203 | |
5662 total
» units
| Peon | 33 | |
| Troll Headhunter/Berserker | 30 | |
| Goblin Shredder | 1 | |
| Tauren | 8 | |
| Kodo Beast | 3 | |
| Shaman | 8 | |
| Goblin Zeppelin | 3 | |
| Blue Dragon | 1 | |
87 total
» upgrades
| Reinforced Defenses | 1 | |
| Berserker Upgrade | 1 | |
| Shaman Training | 2 | |
| Ranged Weapons | 3 | |
| Pulverize | 1 | |
| Armor | 3 | |
| War Drums Damage Increase | 1 | |
| Melee Weapons | 2 | |
14 total
» buildings
| Altar of Storms | 1 | |
| Orc Burrow | 11 | |
| Voodoo Lounge | 4 | |
| Stronghold | 2 | |
| Barracks | 2 | |
| War Mill | 1 | |
| Fortress | 2 | |
| Tauren Totem | 2 | |
| Spirit Lodge | 1 | |
| Beastiary | 1 | |
| Great Hall | 5 | |
| Watch Tower | 15 | |
47 total
» build order
00:06 Altar of Storms
00:17 Orc Burrow
01:16 Voodoo Lounge
02:03 Stronghold
02:03 Stronghold
02:21 Barracks
02:24 War Mill
02:42 Orc Burrow
04:26 Fortress
04:26 Fortress
05:32 Orc Burrow
08:20 Tauren Totem
08:26 Spirit Lodge
09:14 Orc Burrow
10:11 Orc Burrow
10:18 Beastiary
11:59 Orc Burrow
15:19 Orc Burrow
15:20 Orc Burrow
19:02 Great Hall
26:00 Barracks
27:24 Watch Tower
28:59 Watch Tower
29:16 Tauren Totem
30:32 Watch Tower
31:11 Great Hall
31:14 Watch Tower
31:15 Watch Tower
31:16 Watch Tower
31:17 Watch Tower
31:47 Great Hall
33:15 Watch Tower
33:16 Watch Tower
37:15 Watch Tower
37:16 Watch Tower
37:16 Watch Tower
39:16 Watch Tower
39:16 Watch Tower
39:21 Watch Tower
40:24 Voodoo Lounge
46:43 Voodoo Lounge
50:44 Voodoo Lounge
52:16 Great Hall
55:37 Great Hall
56:43 Orc Burrow
56:44 Orc Burrow
56:46 Orc Burrow
» items
| Dust of Appearance | 1 | |
| Circlet of Nobility | 3 | |
| Healing Salve | 6 | |
| Lesser Clarity Potion | 4 | |
| Tiny Great Hall | 3 | |
| Orb of Lightning | 1 | |
| Scroll of Town Portal | 4 | |
| Potion of Mana | 1 | |
| Staff of Preservation | 1 | |
24 total

»
SpaceGhost (
pink | 30 APM | 1801 actions | 59:46)
9 Warden
3 Fan of Knives
3 Shadow Strike
1 Spirit of Vengeance
2 Blink
» actions
| Assign group hotkey | 19 | |
| Basic commands | 81 | |
| Build / train | 87 | |
| Enter build submenu | 28 | |
| Enter hero's abilities submenu | 9 | |
| Give item / drop item | 3 | |
| Remove unit from queue | 7 | |
| Right click | 767 | |
| Select / deselect | 559 | |
| Select group hotkey | 160 | |
| Use ability | 80 | |
1801 total
» units
| Wisp | 24 | |
| Archer | 15 | |
| Hippogryph | 16 | |
| Makrura Deepseer | 1 | |
| Mur'gul Snarecaster | 1 | |
| Makrura Snapper | 1 | |
| Giant Sea Turtle | 1 | |
| Goblin Zeppelin | 1 | |
| Siege Engine | -1 | |
| Peasant | 1 | |
60 total
» upgrades
| Moon Armor | 3 | |
| Strength of the Moon | 3 | |
| Ultravision | 1 | |
| Improved Bows | 1 | |
| Hippogryph Taming | 1 | |
| Strength of the Wild | 0 | |
| Marksmanship | 1 | |
10 total
» buildings
| Altar of Elders | 1 | |
| Moon Well | 9 | |
| Hunter's Hall | 1 | |
| Ancient of War | 3 | |
| Ancient of Wonders | 1 | |
| Tree of Ages | 1 | |
| Ancient Protector | 2 | |
| Ancient of Wind | 2 | |
| Tree of Eternity | 1 | |
| Tree of Life | 3 | |
24 total
» build order
00:57 Altar of Elders
01:00 Moon Well
01:11 Hunter's Hall
02:10 Ancient of War
02:13 Moon Well
02:32 Ancient of Wonders
03:20 Ancient of War
06:34 Tree of Ages
06:36 Ancient of War
06:58 Moon Well
07:59 Ancient Protector
08:04 Ancient Protector
09:07 Ancient of Wind
09:09 Ancient of Wind
09:41 Moon Well
09:44 Moon Well
09:48 Moon Well
15:56 Tree of Eternity
18:25 Moon Well
18:27 Moon Well
18:28 Moon Well
21:46 Tree of Life
32:54 Tree of Life
52:38 Tree of Life
TrU-SaY (
yellow | 43 APM | 2596 actions | 60:25)
8 Warden
3 Fan of Knives
3 Blink
1 Spirit of Vengeance
1 Shadow Strike
» actions
| Assign group hotkey | 55 | |
| Basic commands | 2 | |
| Build / train | 90 | |
| Enter build submenu | 24 | |
| Enter hero's abilities submenu | 8 | |
| Give item / drop item | 6 | |
| Right click | 1500 | |
| Select / deselect | 368 | |
| Select group hotkey | 444 | |
| Use ability | 99 | |
2596 total
» units
| Wisp | 24 | |
| Archer | 5 | |
| Chimaera | 9 | |
| Blue Dragon | 1 | |
| Blue Drake | 1 | |
| Hippogryph | 20 | |
60 total
» upgrades
| Strength of the Wild | 3 | |
| Reinforced Hides | 2 | |
| Corrosive Breath | 1 | |
6 total
» buildings
| Altar of Elders | 1 | |
| Moon Well | 8 | |
| Ancient of War | 1 | |
| Ancient of Wonders | 1 | |
| Tree of Ages | 1 | |
| Hunter's Hall | 1 | |
| Tree of Life | 3 | |
| Ancient Protector | 1 | |
| Tree of Eternity | 1 | |
| Ancient of Wind | 1 | |
| Chimaera Roost | 3 | |
22 total
» build order
00:11 Altar of Elders
00:20 Moon Well
00:35 Ancient of War
01:46 Moon Well
02:13 Ancient of Wonders
03:50 Tree of Ages
04:03 Hunter's Hall
04:32 Tree of Life
05:20 Ancient Protector
05:39 Moon Well
06:17 Tree of Eternity
07:46 Ancient of Wind
09:02 Chimaera Roost
09:04 Chimaera Roost
09:41 Chimaera Roost
10:02 Moon Well
10:04 Moon Well
11:33 Tree of Life
12:05 Moon Well
12:34 Moon Well
13:27 Moon Well
31:15 Tree of Life
» items
| Lesser Clarity Potion | 2 | |
| Boots of Speed | 1 | |
| Periapt of Vitality | 1 | |
| Potion of Lesser Invulnerability | 1 | |
| Staff of Teleportation | 1 | |
| Scroll of Town Portal | 4 | |
| Orb of Fire | 1 | |
| Potion of Healing | 1 | |
12 total

»
pullmyfinger (
purple | 41 APM | 2408 actions | 58:03)
7 Archmage
3 Summon Water Elemental
3 Brilliance Aura
1 Mass Teleport
2 Paladin
1 Holy Light
1 Divine Shield
» actions
| Assign group hotkey | 58 | |
| Basic commands | 27 | |
| Build / train | 109 | |
| Enter build submenu | 35 | |
| Enter hero's abilities submenu | 9 | |
| Give item / drop item | 1 | |
| Remove unit from queue | 3 | |
| Right click | 634 | |
| Select / deselect | 402 | |
| Select group hotkey | 962 | |
| Use ability | 168 | |
2408 total
» units
| Peasant | 12 | |
| Footman | 2 | |
| Rifleman | 7 | |
| Mortar Team | 10 | |
| Goblin Shredder | 1 | |
| Siege Engine | 14 | |
| Goblin Zeppelin | 4 | |
50 total
» upgrades
| Gunpowder | 3 | |
| Armor | 3 | |
| Long Rifles | 1 | |
| Masonry | 3 | |
| Lumber Harvesting | 2 | |
| Flare | 1 | |
| Fragmentation Shards | 1 | |
| Barrage | 1 | |
| Plating | 3 | |
| Magic Sentry | 1 | |
19 total
» buildings
| Altar of Kings | 1 | |
| Farm | 12 | |
| Scout Tower | 31 | |
| Arcane Tower | 3 | |
| Lumber Mill | 2 | |
| Barracks | 1 | |
| Blacksmith | 1 | |
| Keep | 1 | |
| Arcane Vault | 2 | |
| Guard Tower | 7 | |
| Town Hall | 3 | |
| Workshop | 3 | |
| Castle | 1 | |
| Arcane Sanctum | 1 | |
69 total
» build order
00:14 Altar of Kings
00:24 Farm
00:29 Farm
00:35 Farm
00:46 Scout Tower
01:15 Arcane Tower
01:25 Lumber Mill
01:43 Barracks
01:55 Scout Tower
02:20 Farm
02:22 Farm
02:28 Arcane Tower
02:44 Blacksmith
03:40 Keep
04:04 Farm
04:40 Arcane Vault
06:43 Scout Tower
06:44 Scout Tower
06:45 Scout Tower
06:46 Scout Tower
06:47 Scout Tower
07:59 Guard Tower
08:41 Farm
08:42 Farm
08:44 Farm
09:25 Town Hall
10:00 Workshop
10:02 Workshop
11:10 Castle
12:36 Scout Tower
13:15 Arcane Tower
14:25 Farm
16:27 Lumber Mill
18:10 Scout Tower
18:12 Scout Tower
18:13 Scout Tower
18:15 Scout Tower
19:55 Arcane Sanctum
21:40 Guard Tower
22:09 Arcane Vault
23:07 Workshop
23:47 Scout Tower
23:48 Scout Tower
23:49 Scout Tower
23:50 Scout Tower
24:29 Guard Tower
24:43 Farm
24:44 Farm
32:13 Town Hall
37:07 Scout Tower
37:08 Scout Tower
37:09 Scout Tower
37:10 Scout Tower
37:11 Scout Tower
37:13 Scout Tower
41:23 Town Hall
42:55 Scout Tower
42:56 Scout Tower
42:57 Scout Tower
42:58 Scout Tower
43:35 Guard Tower
44:01 Scout Tower
44:03 Scout Tower
44:29 Guard Tower
46:04 Scout Tower
46:49 Guard Tower
46:54 Scout Tower
47:51 Guard Tower
48:45 Scout Tower
» items
| Scroll of Regeneration | 3 | |
| Scroll of Town Portal | 3 | |
| Potion of Healing | 1 | |
| Healing Salve | 1 | |
| Potion of Lesser Invulnerability | 1 | |
| Potion of Invisibility | 1 | |
10 total
Chat log
(05:59 / Allies) 2thache: wht units teal
(09:42 / Allies) Kiwizaurus: \gold_
(10:14 / Allies) Kiwizaurus: \justr lewt them to and back
(11:02 / Allies) 2thache: dude wtf
(11:09 / Allies) 2thache: 2 shredders
(11:58 / Allies) Kiwizaurus: oh tewal
(11:59 / Allies) Kiwizaurus: >D
(12:23 / Allies) Kiwizaurus: get the mines
(12:24 / Allies) Kiwizaurus: teal
(14:58 / Allies) ChuckleMan: we need aa
(15:11 / Allies) Donveetz: coming
(16:58 / Allies) Donveetz: coming
(16:59 / Allies) ChuckleMan: we need AA
(17:01 / Allies) ChuckleMan: only aa
(17:13 / Allies) Kiwizaurus: teal i dont give a fuck since zou dont give a fuck
(17:15 / Allies) Kiwizaurus: so fuck off
(17:16 / Allies) Kiwizaurus: hh3h3
(20:35 / Allies) Kiwizaurus: b
(20:36 / Allies) Kiwizaurus: or gg
(21:07 / Allies) ChuckleMan: b
(21:07 / Allies) ChuckleMan: b
(21:14 / Allies) Kiwizaurus: haha
(22:00 / Allies) 2thache: total bs
(22:09 / Allies) Kiwizaurus: no waz sherlock
(22:20 / Allies) 2thache: hit tp 4 fuckn times
(23:10 / Allies) Kiwizaurus: teal could u just leave
(24:23 / Allies) Donveetz: jesus teal wtf
(24:27 / All) 2thache: gg
(24:31 / All) SpaceGhost: GG nubs
(24:48 / All) SpaceGhost: all those towers for nothing
(34:55 / All) ChuckleMan: easy 1v4?
(55:17 / All) ChuckleMan: hope you have gold to bring him back ;)
(56:11 / All) ChuckleMan: easy 1v4 clap
(56:21 / All) ChuckleMan: my allies leaving was when you lost
(57:02 / All) ChuckleMan: Seeya
(59:36 / All) SpaceGhost: purp as human is why you won
(59:45 / All) SpaceGhost: had plenty of chances to win